← All builds
Air / Cortex / Economy first / OBSERVED BUILD

Standard air

Cortex Air build order · Supreme Isthmus

Economy-first air build: Aircraft Plant then Advanced Metal Extractor and Fusion Reactor, making transports and scouts for allies while transitioning into fighters and occasional bombers over the whole game.

Usually transports first (78%)

#eco #air #team support · 1480 distinct matches · 250 players · 81% of Cortex Air games · team won 46% of 1783 · Recently observed

HOW TO PLAY IT

Key timing: Aircraft Plant by 1:24

  1. Open 3 mex and wind, then drop Aircraft Plant early.
  2. Finish Aircraft Plant and start fighters for scouting and defense.
  3. Eat the Aircraft Plant once production needs outgrow it.
  4. Get Advanced Metal Extractor up to scale eco.
  5. Bring Fusion Reactor online and keep feeding transports, scouts, fighters to allies.

Phase by phase

TYPICAL OF ITS 1480 GAMES
  1. 1
  2. 2
  3. 3
PLAY THE OPENING

Follow the example game's first 6:00 step by step: what to build now, what comes next, and where it goes. At 1× it keeps pace with your own game.

  1. 1

    Up to the Aircraft Plant

    Economy
    • Metal Extractor3Mex
    • Wind Turbine4Wind
    Order
    1. Aircraft PlantAircraft Plant after 3 mex, 4 winddone ~1:26, middle half 1:14–1:35

    Some games also: energy storage (38%)

    By 1:07 in all: 3 mex · 4 wind

    The example game in this phase · 5 steps
    1. Mex ×3
    2. Wind ×5
    3. Energy storage
    4. Solarfor Tech
    5. Aircraft PlantAircraft Plantdone 1:44 · typical 1:26
  2. 2

    Aircraft Plant to 5:00

    Economy
    • Metal Extractor1Mex
    • Wind Turbine9Wind
    • Wind Turbine3Wind
    Builders
    • Construction Turret2 Con turret
    • Construction Aircraft1 Con aircraft
    Army
    • Valiant5 Valiant
    • Hercules2 Light transport for allies
    • Finch2 Finch for allies
    • Finch1 Finch
    • Hephaestus1 Heavy transport for allies

    Some games also: shuriken (49%) · energy storage (45%) · converter (44%) · light transport (40%)

    By 5:00 in all: 3 mex · 1 mex · 13 wind · 3 wind · 1 energy storage · 2 con turret

    The example game in this phase · 22 steps
    1. FinchFinchfor Geo sea
    2. HerculesLight transportfor Geo sea
    3. FinchFinch
    4. ShurikenShuriken ×3
    5. FinchFinchfor Beach sea
    6. HerculesLight transportfor Beach sea
    7. Mex
    8. ValiantValiant ×2
    9. Construction AircraftCon aircraft ×2
    10. Con turret
    11. Construction AircraftCon aircraft
    12. Wind
    13. HephaestusHeavy transportfor Pond
    14. Wind
    15. ValiantValiant
    16. Wind
    17. ValiantValiant ×2
    18. Wind
    19. FinchFinch ×2
    20. Wind
    21. FinchFinch
    22. Wind ×4
  3. 3

    5:00 to 10:00

    Economy
    • Wind Turbine21Wind
    • Wind Turbine5Wind
    • Energy Converter6Converter
    Order
    1. Aircraft PlantEat Aircraft Plant
    2. Aircraft PlantAircraft Plant after 19 wind, 18 wind, 7 converterin 58% of games
    Builders
    • Construction Turret3 Con turret
    Army
    • Valiant9 Valiant

    Some games also: shuriken (48%) · fusion (38%) · con aircraft (35%) · light transport (31%)

    By 10:00 in all: 3 mex · 1 mex · 24 wind · 20 wind · 8 converter · 1 energy storage

    The example game in this phase · 110 steps
    1. Con turret
    2. Wind
    3. Converter
    4. Wind
    5. Con turret
    6. Wind
    7. HerculesLight transportfor Tech
    8. Converter
    9. HerculesLight transportfor Tech
    10. Wind
    11. Converter ×2
    12. Wind
    13. ShurikenShuriken ×2
    14. Converter
    15. Con turret
    16. ShurikenShuriken
    17. Wind
    18. ShurikenShuriken
    19. Converter
    20. ShurikenShuriken
    21. Wind
    22. Advanced Metal ExtractorT2 mexdone 7:59 · typical 6:54
    23. Wind ×7
    24. ShurikenShuriken
    25. Wind ×4
    26. ShurikenShuriken
    27. Wind ×3
    28. ShurikenShuriken
    29. Wind ×2
    30. ShurikenShuriken ×3
    31. Wind
    32. Advanced Metal ExtractorT2 mex
    33. ShurikenShuriken
    34. Wind
    35. ValiantValiant ×2
    36. Wind ×2
    37. ValiantValiant
    38. Wind ×2
    39. ValiantValiant
    40. Wind
    41. ValiantValiant ×3
    42. HerculesLight transport
    43. ValiantValiant ×2
    44. Advanced Metal ExtractorT2 mex
    45. ValiantValiant ×3
    46. ShurikenShuriken ×2
    47. ValiantValiant
    48. ShurikenShuriken ×2
    49. ValiantValiant
    50. ShurikenShuriken ×2
    51. ValiantValiant
    52. ShurikenShuriken ×2
    53. Advanced Metal ExtractorT2 mex
    54. ValiantValiant
    55. ShurikenShuriken ×2
    56. ValiantValiant
    57. ShurikenShuriken ×2
    58. ValiantValiant ×3
    59. ShurikenShuriken
    60. ValiantValiant
    61. Wind
    62. ShurikenShuriken
    63. ValiantValiant
    64. Wind
    65. ValiantValiant
    66. Wind
    67. ValiantValiant
    68. ShurikenShuriken
    69. Wind
    70. ValiantValiant
    71. Wind
    72. Con turret
    73. Wind
    74. Aircraft PlantEat Aircraft Plantreclaimed for its metal
    75. Con turret ×2
    76. Fusion ReactorFusiondone 12:19 · typical 10:53
    77. Wind
    78. Con turret
    79. Wind
    80. Con turret
    81. Wind ×6
    82. Fusion ReactorFusion
    83. Wind ×8
    84. T2 converter
    85. Wind ×2
    86. Aircraft PlantAircraft Plantdone 13:42
    87. Wind
    88. Aircraft PlantAircraft Plantdone 13:51
    89. Wind ×2
    90. ShurikenShuriken ×5
    91. Wind
    92. ShurikenShuriken ×6
    93. Wind
    94. ShurikenShuriken ×4
    95. Wind
    96. ShurikenShuriken ×5
    97. Wind
    98. ShurikenShuriken ×7
    99. Wind
    100. ShurikenShuriken ×5
    101. Wind
    102. ShurikenShuriken ×5
    103. Wind
    104. ShurikenShuriken ×5
    105. Wind
    106. ShurikenShuriken ×5
    107. Wind
    108. ShurikenShuriken ×4
    109. Wind
    110. ShurikenShuriken ×4

Counts are medians over the build's games: half of them build more, half fewer. The example game is Schubiduuhh's (31 OS, 21/09/2026); pick another.

Team trades

IN AT LEAST 30% OF ITS GAMES

You hand over

  • Finch2 Finch to Geo sea or Beach seafirst at 1:50 · in 96% of games
  • Hercules3 Light transport to Tech or Geo sea or Beach seafirst at 2:06 · in 99% of games
  • Hephaestus1 Heavy transport to Beach sea or Pond or Techfirst at 2:23 · in 72% of games

You get

  • Wind Turbine3 Wind from Beach sea or Geo seafirst at 1:37 · in 64% of games
  • Wind Turbine3 Wind from Beach sea or Geo sea or Pondfirst at 1:42 · in 46% of games
  • Construction Bot1 Con bot from Techfirst at 2:23 · in 88% of games
  • Advanced Construction Bot1 T2 con bot from Techfirst at 6:05 · in 96% of games

How it plays out

Typical game of this build, running totals by minute

Metal produced

010k20k30k
0:005:0010:0015:00

metal

Enemy metal destroyed

01k2k
0:005:0010:0015:00

metal

Own metal lost

01k2k3k
0:005:0010:0015:00

metal

1783 games.

Show as table
ByMetal produced: This buildEnemy metal destroyed: This buildOwn metal lost: This build
1:0039200
2:0092300
3:00145600
4:002053051
5:0027635173
6:003715102124
7:005089146167
8:006904190219
9:009291230271
10:0011771292384
11:0014395373538
12:0017078517781
13:00198597811115
14:002270012691689
15:002572918312440
WHAT THE NUMBERS SAY

Standard air play wins less than half its games, with very low combat losses and kills since the role mostly supports rather than fights.

  • + Own metal lost stays very low, only 2701 by 15:00.
  • + Metal production reaches 25740 by 15:00, a strong support economy.
  • − Team wins under half of games (47%).
  • − Enemy metal destroyed stays low at 2097 by 15:00, showing little direct impact.
THE EXAMPLE YOU ARE READING

Schubiduuhh

31.1 OS · 21/09/2026

Open source match ↗

9 received units · includes a constructor
1785 metal received · 39681 energy received

Allied construction assistance is unknown. Timings are observations, not a promise of solo reproducibility.

Typical milestones

Aircraft Plant1:26Middle 50%: 1:14–1:35 · n=1783
Advanced Metal Extractor6:54Middle 50%: 6:27–7:26 · n=1724
Fusion Reactor10:53Middle 50%: 9:45–12:17 · n=1143

Played most by

TheGeneraI112games of this buildDad_The_Speedrunner72games of this buildHunfore62games of this buildMilkdragon52games of this buildAdeus50games of this build